 Dungeon Crawl Stone Soup version 0.24-a0-580-g6a6c3f83c1 (webtiles) character file.

Game seed: 12428731324230474249

18 Gynju the Slasher (level 2, -2/24 HPs)
             Began as a Barachi Fighter on Aug 22, 2019.
             Slain by a gnoll
             ... wielding a +3 whip
              (6 damage)
             ... on level 1 of the Dungeon.
             The game lasted 00:00:50 (436 turns).

Gynju the Slasher (Barachi Fighter)                  Turns: 436, Time: 00:00:51

Health: -2/24      AC:  6    Str: 17    XL:     2   Next: 70%
Magic:  2/2        EV:  7    Int:  8    God:
Gold:   2          SH:  9    Dex: 11    Spells: 1/1 levels left

rFire    . . .     SeeInvis .   a - +0 long sword
rCold    . . .     Gourm    .   c - +0 shield
rNeg     . . .     Faith    .   b - +0 scale mail
rPois    .         Spirit   .   (no helmet)
rElec    .         Reflect  .   (no cloak)
rCorr    .         Harm     .   (no gloves)
MR       .....                  (no boots)
Stlth    ..........             (no amulet)
HPRegen  0.08/turn              (no ring)
MPRegen  0.08/turn              (no ring)

@: slow
A: +LOS, swims, slowness 1, strong legs 1
a: Hop


You were on level 1 of the Dungeon.
You were not hungry.

You visited 1 branch of the dungeon, and saw 1 of its levels.

You collected 2 gold pieces.

Inventory:

Hand Weapons
 a - a +0 long sword (weapon)
Armour
 b - a +0 scale mail (worn)
 c - a +0 shield (worn)
Potions
 d - a potion of might
 e - a potion of brilliance {unknown}
Comestibles
 f - a ration
 g - 8 chunks of flesh


   Skills:
 - Level 3.6 Fighting
 + Level 3.9 Long Blades
 - Level 3.6 Armour
 - Level 3.2 Shields


You had one spell level left.
You didn't know any spells.
Your spell library was empty.

Dungeon Overview and Level Annotations

Branches:
Dungeon (1/15)

Altars:


Innate Abilities, Weirdness & Mutations

Shadows flee at your approach. (+LOS)
You can swim through water.
You cover ground slowly.
You can hop short distances.


Message History

You are too injured to fight recklessly!
You are too injured to fight recklessly!
You are too injured to fight recklessly!
You closely miss the gnoll.
The gnoll is moderately wounded.
The gnoll barely misses you. The gnoll hits you but does no damage.
The gnoll hits you from afar with a +0 spear.
You slash the gnoll!
The gnoll is severely wounded.
You block the gnoll's attack. The gnoll hits you but does no damage.
The gnoll hits you with a +3 whip.
* * * LOW HITPOINT WARNING * * *
You closely miss the gnoll.
The gnoll is severely wounded.
The gnoll hits you but does no damage. You block the gnoll's attack.
Your shield and scale mail prevent you from hitting the gnoll.
The gnoll is severely wounded.
The gnoll completely misses you. The gnoll closely misses you.
The gnoll hits you with a +3 whip.
You die...

.##≈≈#.## #.÷##.#.#
.#≈≈≈#.# ##.##.#.#
.#≈≈≈#.# #.##.#.#
.≈≈≈≈#.# ###..#.#.#
..≈≈≈..# ##......#.#
.≈≈≈≈≈.###.....÷.#.#
.PP≈≈...........)#.#
.≈≈≈≈≈...#......(#.#
≈≈≈≈≈..#.#......@#
.≈≈≈≈≈.#....###.g# #
.≈≈≈≈≈.###### ##g#.#
.≈≈≈≈≈.# #...#
≈≈≈≈≈≈.# #.........#
#.........#
...........#
##.........#
#..........


You could see 2 gnolls.

Vanquished Creatures
  A dart slug (D:1)
  A leopard gecko (D:1)
  A goblin (D:1)
  2 hobgoblins (D:1)
  4 jackals (D:1)
  A kobold (D:1)
  A ball python (D:1)
  2 frilled lizards (D:1)
  A rat (D:1)
14 creatures vanquished.

Notes
Turn   | Place    | Note
-------+----------+-------------------------------------------
     0 | D:1      | Gynju the Barachi Fighter began the quest for the Orb.
     0 | D:1      | Reached XP level 1. HP: 18/18 MP: 1/1
    33 | D:1      | Reached XP level 2. HP: 18/24 MP: 2/2
   436 | D:1      | Slain by a gnoll

Levels and vault maps discovered:
D:1:      dpeg_arrival_short_road, layout_basic, chequers_big_river,
          st_stairs_12

Skill      XL: |  1 |
---------------+----+-----
Long Blades    | 3 |  3.9
Fighting       | |  3.6
Armour         | |  3.6
Shields        | |  3.2

Action                   || total
-------------------------++-------
Melee: Long sword        ||    55
Armor: Scale mail        ||    23
Dodge: Dodged            ||     9
Block: Shield            ||    29
       Rpst.: Long sword ||     2

Table legend:
 A = Non-vault XP
 B = Vault XP
 C = Vault XP percentage of total XP
 D = Non-vault monster count
 E = Vault monster count
 F = Vault count percentage of total count
                 A         B        C        D         E       F
            +---------+---------+-------+---------+---------+-------
      Total |      27 |       0 |   0.0 |      14 |       0 |   0.0
            +---------+---------+-------+---------+---------+-------
        D:1 |      27 |       0 |   0.0 |      14 |       0 |   0.0
            +---------+---------+-------+---------+---------+-------
